 Dungeon Crawl Stone Soup version 0.17.0-28-g6e173f8 (webtiles) character file.

8631 AAAAA the Nimble (level 11, -22/123 HPs)
             Began as an Ogre Berserker on Dec 2, 2015.
             Was a High Priest of Trog.
             Annihilated by a stone giant (42 damage)
             ... on level 9 of the Dungeon.
             The game lasted 00:15:58 (10081 turns).

AAAAA the Nimble (Ogre Berserker)                  Turns: 10081, Time: 00:15:59

Health: -22/123    AC:  5    Str: 24    XL:     11   Next: 33%
Magic:  3/3        EV: 15    Int:  9    God:    Trog [*****.]
Gold:   621        SH:  0    Dex: 12    Spells: 0 memorised, 10 levels left

rFire  . . .     SeeInvis .     Y - +3 dire flail (antimagic)
rCold  . . .     Clarity  .     b - +1 animal skin
rNeg   . . .     SustAt   +     (shield currently unavailable)
rPois  .         Gourm    .     U - +0 hat {Int+3}
rElec  .         Spirit   .     n - +0 cloak {+Inv}
rCorr  .         Warding  .     (gloves unavailable)
rMut   .         Stasis   .     (boots unavailable)
MR     +....                    K - amulet of regeneration
Stlth  ++........               E - ring of stealth
                                d - ring of sustain attributes

@: somewhat resistant to hostile enchantments, unstealthy
A: unfitting armour, tough skin 1
a: Berserk, Trog's Hand, Brothers in Arms, Burn Spellbooks, Renounce Religion,
Evoke Invisibility


You were on level 9 of the Dungeon.
You worshipped Trog.
Trog was extremely pleased with you.
You were not hungry.

You visited 2 branches of the dungeon, and saw 10 of its levels.

You collected 621 gold pieces.

Inventory:

Hand Weapons
 t - a +0 giant club
 z - a +0 giant spiked club
 Y - a +3 antimagic dire flail (weapon)
Missiles
 r - 9 tomahawks (quivered)
 R - a throwing net
Armour
 b - a +1 animal skin (worn)
 n - a +0 cloak of invisibility (worn)
 U - a +0 hat of intelligence (worn)
 Z - a +0 robe of fire resistance
Jewellery
 d - a ring of sustain attributes (left hand)
 y - a +5 ring of intelligence
 B - a +3 ring of dexterity
 E - a ring of stealth (right hand)
 K - an amulet of regeneration (around neck)
 W - an uncursed amulet of warding
Wands
 J - a wand of confusion (23)
 V - a wand of enslavement (4)
Scrolls
 e - 6 scrolls of remove curse
 f - 3 scrolls of teleportation
 j - a scroll of blinking
 m - 4 scrolls of immolation
 o - 3 scrolls of magic mapping
 q - 4 scrolls of enchant armour
 u - a scroll of noise {unknown}
 x - 3 scrolls of random uselessness {unknown}
 A - 4 scrolls of amnesia {unknown}
 C - 2 scrolls of fear
 F - 3 scrolls of enchant weapon {unknown}
 I - a scroll of vulnerability {unknown}
 L - a scroll of identify
 O - a scroll of fog {unknown}
 S - a scroll of silence {unknown}
Potions
 g - a potion of cure mutation {unknown}
 h - 3 potions of curing
 k - 2 potions of ambrosia {unknown}
 l - a potion of brilliance {unknown}
 p - 2 potions of lignification {unknown}
 s - 2 potions of mutation {unknown}
 v - a potion of haste {unknown}
 w - a potion of resistance {unknown}
 G - 2 potions of might {unknown}
 H - 2 potions of agility {unknown}
 M - a potion of degeneration {unknown}
 Q - a potion of magic {unknown}
 T - a potion of heal wounds {unknown}
Comestibles
 a - a slice of pizza
 c - 8 bread rations
 i - 7 meat rations
 D - 5 chunks of flesh
 P - 7 beef jerkies


   Skills:
 + Level 12.0 Fighting
 + Level 10.3 Maces & Flails
 - Level 12.0 Dodging


You had 10 spell levels left.
You didn't know any spells.

Dungeon Overview and Level Annotations

Branches:
Dungeon (9/15)             Temple (1/1) D:5            Lair (0/8) D:8
    Orc: D:9-12

Altars:
Ashenzari
Cheibriados
Dithmenos
Elyvilon
Fedhas
Gozag
Kikubaaqudgha
Makhleb
Nemelex Xobeh
Okawaru
Qazlal
Ru
Sif Muna
Trog
Vehumet
Xom
Yredelemnul
Zin
The Shining One


Innate Abilities, Weirdness & Mutations

You are too large for most types of armour.
You have tough skin (AC +1).


Message History

The stone giant throws a large rock.
The large rock closely misses you. The hippogriff bites you.
The hippogriff closely misses you. The hippogriff misses you.
You bludgeon the hippogriff!!
You kill the hippogriff!
Trog accepts your kill.
The stone giant throws a large rock.
The large rock hits you!!
You hit the stone giant but do no damage.
The stone giant barely misses you.
You hit the stone giant but do no damage.
The stone giant closely misses you.
You hit the stone giant.
The stone giant is lightly wounded.
You hit the stone giant but do no damage.
The stone giant is lightly wounded.
The stone giant hits you!!
* * * LOW HITPOINT WARNING * * *
Your ogre goes berserk!
You feel somewhat more hungry. The stone giant hits you!!!
You die...

.......# #≈≈#..# #..#≈ ..[....#
##≈≈#..# #..#≈ #####'##
#.≈≈##......##≈ #...#
#.≈≈≈##....##≈≈ ###.###
#..≈≈8##+'##8≈≈ .[[.#
#######.≈≈≈.8..8.≈≈≈ #######
#........≈≈≈....≈≈≈. ...>..#
#.........≈≈≈<.≈≈≈.. ......#
#O.@C.....'≈≈≈≈≈≈... ......####
#.........#.≈≈≈≈....
......'..#####.........#.###.....
......##.....'(>.......#....#....
......########.........####.#....
......# #.........# #.'....
####### ########### ###.... #####


You could see a stone giant and a friendly ogre (berserk).

Vanquished Creatures
  Gastronok (D:8)
  Erica (D:9)
  Pikel (D:9)
  A centaur zombie (D:7)
  Grinder (D:4)
  Prince Ribbit (D:9)
  A wasp (D:9)
  3 yaks (D:9)
  A deep elf mage (D:9)
  A hippogriff (D:9)
  Grum (D:8)
  3 wolves (D:8)
  2 orc warriors
  3 ice beasts
  Duvessa (D:7)
  2 slaves (D:9)
  4 ogres
  3 sky beasts
  A phantom (D:9)
  A necrophage (D:8)
  2 centaurs (D:8)
  6 giant frogs
  A water moccasin zombie (D:8)
  2 scorpions
  Dowan (D:7)
  6 killer bees (D:8)
  2 electric eels (D:9)
  3 jellies
  A crimson imp (D:8)
  8 orc priests
  A centaur skeleton (D:9)
  3 hounds
  5 iguanas
  9 worker ants
  10 orc wizards
  A killer bee zombie (D:5)
  2 hound zombies
  2 hound skeletons (D:4)
  8 adders
  3 shadow imps
  An adder zombie (D:5)
  2 oozes
  4 worms
  An adder skeleton (D:6)
  28 orcs
  3 ball pythons
  8 bats
  5 giant cockroaches
  4 goblins
  9 hobgoblins
  11 jackals
  6 quokkas
  11 giant geckos
  4 giant newts
  A jackal skeleton (D:4)
  15 kobolds
  23 rats
245 creatures vanquished.

Vanquished Creatures (others)
  2 slaves (D:9)
2 creatures vanquished.

Grand Total: 247 creatures vanquished

Notes
Turn   | Place    | Note
--------------------------------------------------------------
     0 | D:1      | AAAAA the Ogre Berserker began the quest for the Orb.
     0 | D:1      | Reached XP level 1. HP: 24/24 MP: 1/1
    53 | D:1      | Reached XP level 2. HP: 13/32 MP: 2/2
   210 | D:1      | Reached skill level 5 in Maces & Flails
   241 | D:1      | Reached ** piety under Trog
   632 | D:1      | Reached XP level 3. HP: 39/39 MP: 3/3
  1264 | D:2      | Reached skill level 6 in Maces & Flails
  1383 | D:2      | Reached XP level 4. HP: 39/48 MP: 4/4
  2076 | D:2      | Found an iron altar of Okawaru.
  2229 | D:3      | Reached *** piety under Trog
  2389 | D:3      | Found a shattered altar of Ashenzari.
  2534 | D:3      | Reached skill level 7 in Maces & Flails
  2549 | D:3      | Found a glowing silver altar of Zin.
  2817 | D:3      | Reached XP level 5. HP: 32/54 MP: 5/5
  3196 | D:3      | Noticed a moth of wrath
  3199 | D:3      | Found a bloodstained altar of Trog.
  3392 | D:4      | Reached skill level 8 in Maces & Flails
  3618 | D:4      | Reached **** piety under Trog
  3659 | D:4      | Reached skill level 5 in Fighting
  3659 | D:4      | Reached XP level 6. HP: 52/66 MP: 6/6
  3784 | D:4      | Noticed Grinder
  3795 | D:4      | Paralysed by Grinder for 6 turns
  3803 | D:4      | Killed Grinder
  3803 | D:4      | Reached XP level 7. HP: 79/79 MP: 7/7
  3873 | D:4      | Noticed an ogre
  3887 | D:4      | Killed an ogre
  4161 | D:4      | Reached skill level 9 in Fighting
  4838 | D:5      | Entered Level 5 of the Dungeon
  4855 | D:5      | Reached skill level 10 in Fighting
  4855 | D:5      | Reached XP level 8. HP: 93/93 MP: 8/8
  5112 | D:5      | Found a shadowy altar of Dithmenos.
  5327 | D:5      | Found a deep blue altar of Sif Muna.
  5363 | D:5      | Found a blossoming altar of Fedhas.
  5423 | D:5      | Found an opulent altar of Gozag.
  5702 | D:5      | Reached skill level 5 in Dodging
  5900 | D:5      | Found a staircase to the Ecumenical Temple.
  5907 | Temple   | Entered the Ecumenical Temple
  6071 | D:6      | Found a snail-covered altar of Cheibriados.
  6199 | D:6      | Found a radiant altar of Vehumet.
  6302 | D:6      | Reached XP level 9. HP: 101/101 MP: 9/9
  6681 | D:6      | Reached ***** piety under Trog
  7125 | D:7      | Noticed a centaur zombie
  7141 | D:7      | Killed a centaur zombie
  7713 | D:7      | Noticed Duvessa
  7714 | D:7      | Noticed Dowan
  7723 | D:7      | Killed Dowan
  7725 | D:7      | Killed Duvessa
  8124 | D:8      | Reached XP level 10. HP: 110/110 MP: 10/10
  8125 | D:8      | Reached skill level 10 in Dodging
  8182 | D:8      | Found a basalt altar of Yredelemnul.
  8192 | D:8      | Noticed Grum
  8208 | D:8      | Killed Grum
  8449 | D:8      | Noticed Gastronok
  8472 | D:8      | Killed Gastronok
  8472 | D:8      | Reached skill level 11 in Dodging
  8536 | D:8      | Reached skill level 12 in Dodging
  8856 | D:8      | Found a staircase to the Lair.
  8987 | D:9      | Noticed Pikel
  9028 | D:9      | Killed Pikel
  9028 | D:9      | Reached XP level 11. HP: 84/120 MP: 11/11
  9088 | D:9      | Paralysed by a wasp for 1 turns
  9097 | D:9      | Paralysed by a wasp for 1 turns
  9313 | D:9      | Received a gift from Trog
  9367 | D:9      | Noticed Erica
  9382 | D:9      | Killed Erica
  9415 | D:9      | Found a stormy altar of Qazlal.
  9579 | D:9      | Found a stormy altar of Qazlal.
  9579 | D:9      | Noticed Prince Ribbit
  9593 | D:9      | Killed Prince Ribbit
  9593 | D:9      | Reached skill level 10 in Maces & Flails
 10066 | D:9      | Noticed a stone giant
 10081 | D:9      | Annihilated by a stone giant

Action                   |  1- 3 |  4- 6 |  7- 9 | 10-12 || total
-------------------------+-------+-------+-------+-------++-------
Melee: Mace              |   128 |       |       |       ||   128
       Flail             |     7 |   175 |   389 |   200 ||   771
       Dire flail        |       |       |       |    74 ||    74
Invok: Berserk           |     4 |     2 |    10 |     2 ||    18
       Trog's Hand       |       |       |     3 |     1 ||     4
       Brothers in Arms  |       |       |       |     1 ||     1
  Use: Scroll            |       |     5 |     2 |       ||     7
 Stab: Sleeping          |     1 |       |     7 |     3 ||    11
  Eat: Chunk             |     5 |     9 |    28 |    13 ||    55
